 Dungeon Crawl Stone Soup version 0.29.1-4-g47bece8355 (webtiles) character file.

Game seed: 8677258982020808419

592 CaptainMV the Covert (level 7, -1/41 HPs)
             Began as a Kobold Brigand on Dec 8, 2022.
             Was an Initiate of Gozag.
             Slain by Edmund
             ... wielding a +1 dire flail of protection
              (12 damage)
             ... on level 5 of the Dungeon.
             The game lasted 00:35:30 (4775 turns).

CaptainMV the Covert (Kobold Brigand)               Turns: 4775, Time: 00:35:36

Health: -1/41      AC:  3    Str:  9    XL:     7   Next: 66%
Magic:  7/7        EV: 15    Int: 12    God:    Gozag
Gold:   1158       SH:  0    Dex: 18    Spells: 6/6 levels left

rFire   . . .      SeeInvis .   a - +2 dagger
rCold   . . .      Faith    .   (no shield)
rNeg    . . .      Spirit   .   b - +0 robe
rPois   .          Reflect  .   (no helmet)
rElec   .          Harm     .   c - +0 cloak
rCorr   .          Rampage  .   (no gloves)
Will    .....                   (no boots)
Stlth   ++++++....              (no amulet)
HPRegen 0.13/turn               (no ring)
MPRegen 0.10/turn               (no ring)

@: no status effects
A: small, no large weapons, nightstalker 3
a: Renounce Religion, Potion Petition, Call Merchant, Bribe Branch


You were on level 5 of the Dungeon.
You worshipped Gozag.
Gozag was most pleased with you.
You visited 2 branches of the dungeon, and saw 6 of its levels.

You collected 1255 gold pieces.
You paid 97 gold pieces to Gozag.

Inventory:

Hand Weapons
 a - a +2 dagger (weapon)
Missiles
 d - 14 poisoned darts (quivered)
 e - 3 curare-tipped darts
 t - 9 javelins
Armour
 b - a +0 robe (worn)
 c - a +0 cloak (worn)
Jewellery
 f - a ring of wizardry
Wands
 n - a wand of iceblast (4)
 r - a wand of paralysis (3)
 v - a wand of flame (20)
Scrolls
 g - a scroll of vulnerability
 h - a scroll of fear
 i - a scroll of teleportation
 j - 2 scrolls of poison
 k - 2 scrolls of immolation {unknown}
 w - a scroll of butterflies
Potions
 m - a potion of lignification {unknown}
 o - a potion of might {unknown}
 p - a potion of flight {unknown}
 q - a potion of resistance {unknown}
 s - 3 potions of ambrosia
 u - a potion of curing {unknown}


   Skills:
 + Level 3.1 Fighting
 + Level 5.2 Short Blades
 + Level 2.1 Throwing
 + Level 3.0 Dodging
 + Level 10.1 Stealth
 + Level 0.4 Evocations


You had 6 spell levels left.
You didn't know any spells.
Your spell library contained the following spells:

 Spells                   Type           Power      Damage    Failure   Level
 Apportation              Tloc           0%         N/A       32%         1
 Cause Fear               Hex            0%         N/A       97%         4
 Alistair's Intoxication  Tmut/Pois      0%         N/A       100%        5
 Dragon Form              Tmut           0%         N/A       100%        7
 Dragon's Call            Summ           0%         N/A       100%        9


Dungeon Overview and Level Annotations

Branches:
Dungeon (5/15)             Temple (1/1) D:5

Altars:
Ashenzari
Cheibriados
Elyvilon
Gozag
Hepliaklqana
Kikubaaqudgha
Makhleb
Okawaru
Qazlal
Sif Muna
Uskayaw
Vehumet
Wu Jian
Xom
Yredelemnul
Zin
The Shining One

Annotations:
D:5 Edmund


Innate Abilities, Weirdness & Mutations

You are small and have problems with some larger weapons.
You are completely attuned to the shadows.


Message History

You see here a +0 rapier.
An ogre comes into view. It is wielding a +0 giant spiked club.
The helpless ogre fails to defend itself.
You skewer the ogre like a kebab!!!
You kill the ogre!
Your Dodging skill increases to level 3!
Your Stealth skill increases to level 10!
You now have 1158 gold pieces (gained 19).
You see here a +0 giant spiked club.
You see here a +0 rapier.
Found a stone staircase leading down.
There is a stone staircase leading down here.
Found a stone staircase leading up.
There is a stone staircase leading up here.
An ufetubus comes into view.
You start waiting.
Done waiting.
Edmund the Younger comes into view.
He is wielding a +1 dire flail of protection.
Edmund shouts!
Edmund says, "I might not be good at magic, but I can still kill you!"
Edmund completely misses you.
You barely miss Edmund.
Edmund hits you with a +1 dire flail of protection!
You hit Edmund but do no damage. You hit Edmund but do no damage.
Edmund closely misses you.
You hit Edmund but do no damage.
Edmund hits you with a +1 dire flail of protection!
You barely miss Edmund.
Edmund hits you with a +1 dire flail of protection!
* * * LOW HITPOINT WARNING * * *
Aiming: Paralyse
Press: ? - help, Q - select action, (/) - cycle Shift-Dir - straight line Edmund resists with some effort.
Edmund hits you but does no damage.
Aiming: Paralyse
Press: ? - help, Q - select action, (/) - cycle Shift-Dir - straight line Edmund resists with some effort.
Edmund hits you with a +1 dire flail of protection!
You die...
Your body crumbles into a pile of gold.

#############..##.#.#
#.# ..# #.#.# #.#
###.#.########.#
#..............#
#..............#
####..............#
..................#
###.#.#.########.#
#@#.#.# #.#
#@#.#.########.#
#.#.#..........# #.#
############ #.#


You could see Edmund.

Vanquished Creatures
  2 ogres
  2 howler monkeys (D:5)
  2 hounds
  Jessica (D:3)
  Ijyb (D:3)
  2 iguanas (D:4)
  Natasha (twice) (D:4)
  6 adders
  An ufetubus (D:5)
  2 worms
  A dart slug (D:3)
  6 endoplasms
  4 giant cockroaches
  7 goblins
  6 hobgoblins
  11 jackals
  4 kobolds (D:1)
  3 quokkas
  5 ball pythons
  4 bats
  2 frilled lizards (D:1)
  5 rats
79 creatures vanquished.

Notes
Turn   | Place    | Note
-------+----------+-------------------------------------------
     0 | D:1      | CaptainMV the Kobold Brigand began the quest for the Orb.
     0 | D:1      | Reached XP level 1. HP: 12/12 MP: 1/1
   212 | D:1      | Reached XP level 2. HP: 18/18 MP: 2/2
   399 | D:1      | Reached skill level 6 in Stealth
   521 | D:1      | Reached XP level 3. HP: 9/22 MP: 3/3
  1197 | D:2      | Reached skill level 7 in Stealth
  1197 | D:2      | Reached XP level 4. HP: 21/27 MP: 4/4
  1560 | D:3      | Found an iron altar of Okawaru.
  1638 | D:3      | Noticed Jessica
  1641 | D:3      | Reached XP level 5. HP: 31/31 MP: 5/5
  1660 | D:3      | Killed Jessica
  1933 | D:3      | Reached skill level 8 in Stealth
  2353 | D:3      | Noticed Ijyb
  2374 | D:3      | HP: 1/31 [Ijyb/+0 club (4)]
  2405 | D:3      | Killed Ijyb
  2463 | D:3      | Reached XP level 6. HP: 9/36 MP: 6/6
  3005 | D:4      | Noticed Natasha
  3010 | D:4      | Killed Natasha
  3375 | D:4      | Noticed an ogre
  3384 | D:4      | Killed an ogre
  3385 | D:4      | Reached skill level 9 in Stealth
  3385 | D:4      | Reached XP level 7. HP: 11/40 MP: 7/7
  3658 | D:4      | Noticed Natasha
  3665 | D:4      | Killed Natasha
  3806 | D:5      | Entered Level 5 of the Dungeon
  3823 | D:5      | Identified a scroll of acquirement
  3825 | D:5      | Acquired 901 gold pieces
  3986 | D:5      | Found a hide-covered altar of Uskayaw.
  4061 | D:5      | Found a glowing golden altar of the Shining One.
  4095 | D:5      | Found a staircase to the Ecumenical Temple.
  4107 | Temple   | Entered the Ecumenical Temple
  4367 | Temple   | Became a worshipper of Gozag Ym Sagoz the Greedy
  4458 | D:5      | Reached skill level 5 in Short Blades
  4486 | D:5      | Reached skill level 10 in Stealth
  4766 | D:5      | Noticed Edmund
  4775 | D:5      | Slain by Edmund

Illustrated notes

Levels and vault maps discovered:
D:1:      matt_arrival_spirals, layout_basic
D:2:      layout_loops_cross, grunt_decor_resistance
D:3:      layout_basic, okawaru_ov_weapons_minmay,
          minmay_fractal_squares_diagonal_5, uniq_ijyb, uniq_jessica
D:4:      layout_cave_pods, uniq_natasha
D:5:      layout_basic, mainiacjoe_overflow_concentric_impassable,
          mainiacjoe_overflow_surrounded_room, minmay_temple_entry_nine_rooms,
          minmay_misc_feat_alley, serial_bayou_pond_b, uniq_edmund
Temple:   dpeg_chambers_temple

Skill      XL: |  1  2  3  4  5  6  7 |
---------------+----------------------+-----
Stealth        | 6 7 8 9 10 | 10.1
Short Blades   | 3 4 5 |  5.2
Dodging        | 2 3 |  3.0
Fighting       | 3 |  3.1
Throwing       | |  2.1
Evocations     | |  0.4

Action                   |  1- 3 |  4- 6 |  7- 9 || total
-------------------------+-------+-------+-------++-------
Melee: Dagger            |    86 |   130 |    33 ||   249
       Punch             |     1 |     1 |       ||     2
Evoke: Wand              |       |     2 |     3 ||     5
  Use: Potion            |       |     1 |       ||     1
       Scroll            |       |       |     8 ||     8
 Stab: Sleeping          |    19 |    27 |     3 ||    49
       Paralysed         |       |     2 |     1 ||     3
Armor: Robe              |    14 |    10 |     4 ||    28
Dodge: Dodged            |    57 |    57 |    24 ||   138
